 Dungeon Crawl Stone Soup version 0.24.0-37-gcf1ca852f1 (webtiles) character file.

Game seed: 4994611389153223224, levelgen mode: deterministic

42 Mrkan the Chucker (level 3, 0/35 HPs)
             Began as a Troll Hunter on Nov 29, 2019.
             Was an Initiate of Elyvilon.
             Slain by an orc priest (3 damage)
             ... on level 3 of the Dungeon.
             The game lasted 00:02:33 (1143 turns).

Mrkan the Chucker (Troll Hunter)                    Turns: 1143, Time: 00:02:34

Health: 0/35       AC:  6    Str: 20    XL:     3   Next: 35%
Magic:  2/2        EV: 10    Int:  8    God:    Elyvilon [......]
Gold:   85         SH:  0    Dex: 10    Spells: 2/2 levels left

rFire    . . .     SeeInvis .     - Unarmed
rCold    . . .     Gourm    +   (no shield)
rNeg     . . .     Faith    .   b - +0 robe
rPois    .         Spirit   .   (helmet restricted)
rElec    .         Reflect  .   (no cloak)
rCorr    .         Harm     .   (gloves unavailable)
MR       .....                  (boots unavailable)
Stlth    +.........             (no amulet)
HPRegen  0.51/turn              (no ring)
MPRegen  0.08/turn              (no ring)

@: confused
A: large, unfitting armour, claws 3, fast metabolism 3, gourmand, regeneration
1, shaggy fur 1, tough skin 3
a: Renounce Religion


You were on level 3 of the Dungeon.
You worshipped Elyvilon.
Elyvilon was noncommittal.
You were very full.

You visited 1 branch of the dungeon, and saw 3 of its levels.

You collected 85 gold pieces.

Inventory:

Missiles
 c - 5 large rocks (quivered)
 d - 2 throwing nets
Armour
 b - a +0 robe (worn)
Scrolls
 e - a scroll of amnesia {unknown}
 h - 2 scrolls of identify {unknown}
 i - 2 scrolls of teleportation {unknown}
 l - a scroll of random uselessness {unknown}
 m - a scroll of enchant weapon {unknown}
Potions
 a - a potion of flight {unknown}
 g - a potion of berserk rage {unknown}
 j - a potion of lignification {unknown}
 k - 2 potions of brilliance {unknown}
 n - a potion of might {unknown}
 o - a potion of degeneration {unknown}
Comestibles
 f - 6 rations


   Skills:
 + Level 1.8 Fighting
   Level 0.5 Short Blades
 - Level 4.2 Throwing
 - Level 1.7 Dodging
 - Level 0.3 Stealth
 * Level 1.1 Unarmed Combat


You had 2 spell levels left.
You didn't know any spells.
Your spell library was empty.

Dungeon Overview and Level Annotations

Branches:
Dungeon (3/15)

Altars:
Elyvilon
Fedhas


Innate Abilities, Weirdness & Mutations

You are too large for most types of armour.
You have claws for hands.
Your metabolism is lightning-fast.
You like to eat raw meat.
Your natural rate of healing is unusually fast.
You are covered in fur. (AC +1)
You have extremely tough skin. (AC +3)


Message History

The orc priest is heavily wounded.
The orc wizard points at you and mumbles some strange words.
The puff of flame hits you. The orc priest hits you.
You closely miss the orc priest.
The orc priest is heavily wounded.
The orc priest barely misses you.
The orc wizard hits you with a +0 dagger.
You claw the orc priest!
The orc priest is almost dead.
The orc wizard gestures at you while chanting.
You are confused.
The orc priest invokes the aid of Beogh against you.
Beogh smites you!
* * * LOW HITPOINT WARNING * * *
You bump into the rock wall.
The orc wizard misses you.
The orc priest mumbles some strange prayers to Beogh against you.
Pain shoots through your body!
* * * LOW HITPOINT WARNING * * *
You bump into the rock wall.
The orc priest hits you.
You die...

#### #>. #.# #
#####.##.##.##
#.....@o......
#.###o###.#.## #.#
#.# #.# #.. #.#
#####.# #.# #.#
#.# #.# ##.## #.#
##
##.#.######.####.)


You could see an orc priest and an orc wizard.

Vanquished Creatures
  An adder (D:2)
  A dart slug (D:1)
  An orc (D:3)
  4 bats (D:2)
  2 giant cockroaches (D:2)
  4 hobgoblins (D:2)
  3 kobolds (D:2)
  2 frilled lizards (D:2)
  5 goblins
  7 rats
30 creatures vanquished.

Notes
Turn   | Place    | Note
-------+----------+-------------------------------------------
     0 | D:1      | Mrkan the Troll Hunter began the quest for the Orb.
     0 | D:1      | Reached XP level 1. HP: 19/19 MP: 0/0
   283 | D:1      | You fall into a shaft and drop 1 floor!
   309 | D:2      | Reached skill level 4 in Throwing
   309 | D:2      | Reached XP level 2. HP: 16/27 MP: 1/1
   504 | D:2      | Found a white marble altar of Elyvilon.
   517 | D:2      | Became a worshipper of Elyvilon the Healer
   582 | D:2      | Reached XP level 3. HP: 33/35 MP: 2/2
   676 | D:2      | Found a blossoming altar of Fedhas.
   840 | D:2      | Reached skill level 1 in Unarmed Combat
  1143 | D:3      | Slain by an orc priest

Levels and vault maps discovered:
D:1:      lordsloth_arrival_two_stooges, layout_basic, nrook_campfire,
          patterned_corridor
D:2:      layout_basic, overflow_temple_1_default, marbit_many_paths,
          st_stairs_13, minivault_24
D:3:      layout_loops_ring, lightli_temple_of_fire, skrybe_limestone_x,
          hex_medium, uniq_sigmund

Skill      XL: |  1  2  3 |
---------------+----------+-----
Throwing       | 4 |  4.2
Unarmed Combat | 1 |  1.1
Fighting       | |  1.8
Short Blades   | |  0.5
Dodging        | |  1.7
Stealth        | |  0.3

Action                   || total
-------------------------++-------
Melee: Short sword       ||    68
       Unarmed           ||    45
 Stab: Sleeping          ||     1
  Eat: Chunk             ||    14
Armor: Robe              ||    59
Dodge: Dodged            ||    54
